Map: [ESL] Site Delta

Players

YoungYakov

  • Race: Zerg Zerg
  • Spawn Location: 11:00

PtitDrogo - Winner!

  • Race: Protoss Protoss
  • Spawn Location: 5:00

Event: ESL SC2 Masters 2024 Spring (Regional)

VOD

Have the link to the VOD?

Description

Time

  • Played on: April 19, 2024, 10:58 a.m.
  • Length: 10:38

All games in this series

Show
View Real Time Build Order
Export as new Build Order

YoungYakov Zerg 

Build Orders: Hatch First 

Get SALT Encoding   

  12  0:00  Drone  
  13  0:12  Overlord  
  13  0:16  Drone  
  14  0:30  Drone x2  
  16  0:43  Drone  
  17  0:51  Hatchery  
  17  0:55  Drone  
  17  0:58  Drone  
  18  1:09  Extractor  
  17  1:13  Spawning Pool  
  17  1:17  Drone  
  17  1:20  Drone  
  18  1:28  Drone  
  19  1:38  Drone  
  20  1:49  Overlord  
  20  2:01  Queen  
  22  2:03  Zergling x2, Queen  
  22  2:04  Zergling x2  
  26  2:11  Drone  
  26  2:14  Drone  
  28  2:23  Drone  
  28  2:25  Drone  
  30  2:31  Metabolic Boost  
  30  2:34  Drone  
  30  2:35  Drone  
  32  2:42  Hatchery  
  31  2:49  Queen  
  33  2:53  Overlord  
  33  2:55  Drone  
  34  2:59  Drone  
  35  3:08  Drone  
  35  3:11  Queen  
  35  3:12  Overlord  
  37  3:14  Drone  
  37  3:15  Drone  
  37  3:16  Drone  
  40  3:20  Drone  
  40  3:21  Drone  
  40  3:23  Drone  
  43  3:32  Overlord  
  43  3:35  Drone x3  
  43  3:38  Queen  
  43  3:41  Spore Crawler  
  47  3:42  Drone  
  47  3:45  Drone  
  47  3:46  Drone  
  50  3:51  Drone x2  
  50  3:54  Overlord  
  53  3:55  Drone  
  53  3:59  Queen  
  55  4:03  Drone  
  55  4:04  Drone  
  55  4:07  Spore Crawler  
  55  4:08  Drone x2  
  58  4:13  Drone x3  
  61  4:18  Queen  
  61  4:21  Spore Crawler  
  61  4:22  Drone  
  63  4:27  Spore Crawler  
  63  4:28  Spore Crawler x2  
  63  4:31  Drone x2  
  59  4:33  Drone x2  
  59  4:37  Roach Warren  
  59  4:38  Drone x3  
  65  4:41  Zergling x6  
  65  4:44  Overlord  
  69  4:47  Overlord  
  69  4:48  Drone  
  70  4:54  Drone x3  
  70  4:55  Evolution Chamber  
  70  4:56  Drone x2  
  74  5:00  Lair  
  74  5:11  Drone  
  74  5:12  Drone x7  
  80  5:15  Overlord  
  80  5:18  Drone x3  
  78  5:22  Extractor, Zerg Missile Weapons Level 1  
  78  5:24  Drone x2, Extractor  
  78  5:25  Extractor  
  76  5:31  Hatchery  
  75  5:36  Zergling x4, Extractor  
  75  5:38  Drone  
  75  5:39  Drone x2  
  78  5:43  Queen  
  78  5:45  Drone  
  78  5:47  Overlord  
  81  5:50  Extractor  
  81  5:52  Drone x3  
  81  5:53  Roach x4  
  81  5:56  Queen  
  93  5:57  Overlord  
  93  6:01  Roach  
  93  6:03  Roach, Overlord  
  97  6:05  Glial Reconstitution  
  97  6:08  Overlord  
  97  6:10  Roach  
  101  6:11  Roach  
  101  6:14  Pneumatized Carapace  
  101  6:17  Roach  
  103  6:19  Roach x2  
  103  6:22  Roach x2  
  113  6:25  Roach  
  113  6:26  Roach  
  113  6:32  Roach x4  
  121  6:35  Roach  
  121  6:36  Roach  
  125  6:41  Roach x2, Overlord  
  129  6:47  Overlord  
  129  6:48  Overlord  
  129  6:49  Overlord  
  129  6:51  Overlord  
  129  6:53  Ravager x3  
  131  6:58  Zergling x10  
  134  7:04  Ravager x2  
  134  7:06  Zergling x12  
  142  7:10  Roach  
  142  7:11  Roach  
  142  7:15  Roach x3  
  152  7:20  Overseer  
  152  7:24  Roach x4  
  152  7:25  Zergling x6  
  163  7:37  Roach x6  
  159  7:40  Roach x2  
  145  7:46  Roach x4  
  132  7:51  Roach x2  
  132  7:54  Roach x2  
  132  7:56  Zergling x4  
  122  7:59  Zerg Missile Weapons Level 2  
  122  8:04  Roach  
  122  8:05  Roach x2  
  126  8:09  Roach x2  
  126  8:13  Roach  
  126  8:14  Roach  
  126  8:17  Ravager x2  
  132  8:23  Roach x5  
  132  8:26  Overlord  
  142  8:30  Hydralisk Den  
  142  8:31  Overlord  
  142  8:33  Overlord  
  141  8:35  Overlord  
  141  8:38  Overlord  
  141  8:40  Overlord  
  141  8:42  Overlord  
  141  8:45  Extractor  
  141  8:47  Extractor  
  141  8:48  Infestation Pit  
  138  8:50  Drone x2  
  138  8:52  Drone  
  138  8:55  Drone x3  
  143  8:56  Overseer, Drone x3  
  143  8:59  Ravager x2  
  143  9:02  Muscular Augments  
  149  9:05  Drone x4  
  153  9:11  Drone x6  
  153  9:15  Zergling x4  
  153  9:16  Zergling x2  
  162  9:21  Overlord  
  162  9:24  Queen  
  162  9:30  Hydralisk x2  
  168  9:35  Hydralisk  
  168  9:36  Hydralisk x2  
  168  9:38  Ravager x3  
  176  9:42  Hydralisk x2  
  177  9:52  Hydralisk x5  
  167  9:58  Drone x6  
  174  10:03  Lurker Den  
  172  10:08  Hydralisk x3  
  172  10:10  Overlord  
  178  10:17  Hatchery  
Show
View Real Time Build Order
Export as new Build Order

PtitDrogo Protoss - Winner!

Build Orders: 1 Gate Expand, Oracle Opening, Archon Immortal, Archon Drop 

Get SALT Encoding   

  12  0:00  Probe  
  13  0:12  Probe  
  14  0:19  Pylon  
  14  0:24  Probe  
  15  0:37  Probe (Chrono Boost)  
  15  0:41  Gateway  
  16  0:47  Probe (Chrono Boost)  
  16  0:49  Assimilator  
  17  0:52  Probe (Chrono Boost)  
  18  1:04  Probe  
  19  1:16  Probe  
  20  1:26  Nexus  
  20  1:36  Cybernetics Core  
  20  1:39  Probe  
  21  1:47  Assimilator  
  21  1:51  Probe  
  22  1:54  Pylon  
  22  2:03  Probe  
  23  2:10  Adept (Chrono Boost)  
  25  2:16  Probe  
  25  2:19  Stargate  
  26  2:27  Warp Gate  
  26  2:28  Probe  
  27  2:33  Adept  
  29  2:38  Probe (Chrono Boost)  
  31  2:45  Probe (Chrono Boost)  
  31  2:50  Probe (Chrono Boost)  
  32  2:54  Probe x2 (Chrono Boost)  
  34  3:04  Probe  
  35  3:05  Oracle (Chrono Boost)  
  35  3:09  Probe  
  39  3:17  Pylon, Probe  
  40  3:20  Gateway  
  40  3:21  Probe  
  41  3:29  Probe  
  41  3:32  Oracle (Chrono Boost)  
  41  3:33  Probe  
  43  3:41  Probe  
  47  3:45  Nexus  
  47  3:46  Probe  
  48  3:52  Pylon  
  48  3:53  Probe  
  49  3:58  Probe  
  53  4:02  Oracle  
  53  4:05  Probe  
  54  4:11  Assimilator, Probe (Chrono Boost)  
  54  4:13  Pylon, Assimilator  
  54  4:15  Adept  
  57  4:17  Probe (Chrono Boost)  
  57  4:23  Probe (Chrono Boost)  
  59  4:27  Probe (Chrono Boost)  
  59  4:29  Probe (Chrono Boost)  
  61  4:32  Probe (Chrono Boost)  
  61  4:35  Twilight Council  
  61  4:36  Forge  
  61  4:37  Probe (Chrono Boost)  
  63  4:44  Robotics Facility  
  64  4:47  Probe (Chrono Boost)  
  64  4:50  Probe (Chrono Boost), Gateway  
  64  4:51  Gateway  
  65  4:58  Probe (Chrono Boost)  
  65  4:59  Probe (Chrono Boost)  
  68  5:01  Probe (Chrono Boost)  
  68  5:04  Probe  
  69  5:17  Probe  
  69  5:21  Charge (Chrono Boost), Protoss Ground Weapons Level 1 (Chrono Boost)  
  70  5:23  Probe x2  
  70  5:26  Templar Archives  
  72  5:29  Probe  
  72  5:30  Pylon, Assimilator  
  72  5:31  Shield Battery  
  72  5:32  Assimilator, Warp Prism (Chrono Boost)  
  72  5:35  Probe x2  
  77  5:37  Zealot  
  77  5:39  Zealot  
  77  5:41  Probe  
  77  5:42  Pylon  
  82  5:44  Shield Battery  
  82  5:46  Pylon  
  82  5:47  Probe x2  
  84  5:50  Stalker  
  84  5:53  Probe  
  87  5:59  Pylon, Probe x2  
  89  6:05  Probe  
  90  6:11  Photon Cannon, Probe  
  90  6:12  Probe  
  90  6:13  Gateway  
  90  6:15  Gateway  
  90  6:17  Probe  
  90  6:18  High Templar x4  
  101  6:20  Gateway  
  101  6:21  Gateway  
  101  6:23  Archon  
  101  6:24  Archon  
  101  6:25  Pylon  
  101  6:27  Probe  
  101  6:28  Pylon  
  101  6:31  Observer (Chrono Boost)  
  102  6:37  Robotics Facility  
  103  6:49  Nexus  
  103  6:50  Probe  
  103  6:51  Pylon, Shield Battery  
  104  6:54  Photon Cannon  
  104  6:56  Shield Battery x2  
  104  6:58  Immortal (Chrono Boost)  
  104  6:59  Shield Battery  
  104  7:01  Pylon  
  104  7:07  High Templar x3  
  114  7:08  High Templar  
  114  7:15  Zealot x3  
  122  7:22  Archon, Immortal (Chrono Boost)  
  122  7:23  Pylon  
  122  7:28  Archon  
  122  7:29  Shield Battery  
  126  7:32  Zealot  
  126  7:42  Zealot x7  
  130  7:51  Immortal  
  128  7:52  Probe  
  128  7:53  Probe  
  128  7:54  Immortal  
  128  7:57  Pylon  
  134  7:59  Probe  
  134  8:00  Stalker  
  134  8:04  Zealot x3  
  143  8:09  Probe x2  
  145  8:16  Psionic Storm  
  145  8:18  Protoss Ground Weapons Level 2 (Chrono Boost)  
  139  8:29  Zealot  
  139  8:30  High Templar x2, Immortal (Chrono Boost)  
  149  8:38  Probe x2  
  149  8:39  Assimilator  
  149  8:40  Assimilator  
  151  8:43  Photon Cannon  
  151  8:44  Probe  
  151  8:45  Photon Cannon  
  151  8:46  Photon Cannon  
  152  8:48  Shield Battery  
  152  8:54  Probe  
  153  8:56  Pylon  
  153  8:57  Pylon  
  153  8:59  Pylon, High Templar x3  
  163  9:07  Immortal (Chrono Boost)  
  167  9:10  Immortal (Chrono Boost)  
  167  9:20  Gateway  
  167  9:23  Gateway x2  
  165  9:24  High Templar x3  
  165  9:27  Zealot x2  
  175  9:42  Immortal (Chrono Boost)  
  175  9:43  Zealot  
  175  9:44  Zealot x2  
  177  9:47  Immortal (Chrono Boost)  
  179  9:58  High Templar x2, Nexus  
  179  9:59  Zealot x3  
  187  10:00  Pylon  
  187  10:02  Pylon  
  187  10:06  Archon  
  181  10:12  Zealot x3  
  174  10:32  Zealot x9  
Tags
 
Add a new tag
Caveats
  • Supply blocks, unpowered buildings, or Contaminate may cause inaccurate times.
  • Supply counts are checked every 10 seconds.